AoeStats
← OmarGutieG

Arabia

507706868Analyzed
2v2 RM · 13d ago on Sep 19, 2026· 29m 5s· 4 players
Game mode
Random Map
Map size
Medium (4 player)
Population
200
Speed
Normal
Resources
Standard
Victory
Conquest
Starting age
Dark Age
Ending age
Imperial Age
RankedLock teamsTeams togetherTeam positionsShared explorationLock speedFull tech treeHidden civsTurbo modeCheats
Victory
Defeat
🇲🇽 Magyars · Mexico
1299
+16
🇲🇽 Ethiopians · Mexico
1281
+17
🇦🇷 Tatars · Argentina
1317
-17
🇪🇸 Berbers · Spain
1290
-16
armigame1
6:44 Loom
9:19 Feudal Age
18:13 Double-Bit Axe
18:22 Gold Mining
21:10 Castle Age
20:11 Bloodlines
20:15 Scale Barding Armor
20:49 Horse Collar
24:44 Bow Saw
27:18 Husbandry
OmarGutieG
6:42 Loom
9:28 Feudal Age
13:28 Fletching
22:38 Castle Age
21:52 Double-Bit Axe
22:52 Crossbowman
23:30 Bodkin Arrow
24:06 Bow Saw
23:50 Gold Mining
25:28 Wheelbarrow
| ArCas | Agi_alex
5:58 Loom
10:08 Feudal Age
11:09 Double-Bit Axe
11:07 Horse Collar
15:59 Town Watch
18:52 Wheelbarrow
24:18 Castle Age
24:06 Scale Barding Armor
24:16 Bloodlines
24:53 Forging
24:59 Husbandry
26:37 Chain Barding Armor
| ArCas | El BrancaS
6:28 Loom
9:46 Feudal Age
10:43 Town Watch
11:08 Double-Bit Axe
15:58 Forging
16:33 Scale Barding Armor
23:56 Castle Age
22:08 Gold Mining
22:24 Fletching
22:56 Padded Archer Armor
23:29 Bloodlines
23:12 Horse Collar
24:49 Bow Saw
24:35 Bodkin Arrow
26:19 Leather Archer Armor
Connection lost

Rejoining the realm…

Still unreachable

The connection could not be restored.

Session expired

The server has moved on; the page needs a fresh start.